 Dungeon Crawl Stone Soup version 0.23-a0-4-g8f018a2 (webtiles) character file.

3327 jjfam the Cleaver (level 9, -4/82 HPs)
             Began as a Deep Dwarf Fighter on July 31, 2018.
             Was an Elder of Makhleb.
             Slain by an orc knight
             ... wielding a +0 dire flail
              (13 damage)
             ... in a bailey.
             The game lasted 00:22:32 (6842 turns).

jjfam the Cleaver (Deep Dwarf Fighter)              Turns: 6842, Time: 00:22:33

Health: -4/82      AC: 12    Str: 22    XL:     9   Next: 71%
Magic:  5/5        EV: 14    Int: 12    God:    Makhleb [****..]
Gold:   417        SH: 11    Dex: 15    Spells: 8/8 levels left

rFire    . . .     SeeInvis .   a - +0 war axe
rCold    . . .     Gourm    .   c - +0 shield
rNeg     . . .     Faith    +   E - +1 scale mail of Foolhardiness {-Cast rElec rPois Dex+2}
rPois    +         Spirit   .   i - +1 hat
rElec    +         Reflect  .   (no cloak)
rCorr    .         Harm     .   t - +0 pair of gloves
MR       +....     NoCast   +   j - +0 pair of boots
Stlth    ..........             y - amulet of faith
HPRegen  0.00/turn              p - +4 ring of evasion
MPRegen  0.09/turn              F - +3 ring of intelligence

@: non-regenerating
A: damage resistance, heal wounds, sense surroundings 2, no regeneration
a: Heal Wounds, Minor Destruction, Lesser Servant of Makhleb, Major Destruction,
Renounce Religion


You were in a bailey.
You worshipped Makhleb.
Makhleb was greatly pleased with you.
You were not hungry.

You visited 1 branch of the dungeon, and saw 8 of its levels.
You also visited: Bailey.

You collected 472 gold pieces.
You spent 55 gold pieces at shops.

Inventory:

Hand Weapons
 a - a +0 war axe (weapon)
Missiles
 G - 50 tomahawks of returning (quivered)
Armour
 b - a +0 scale mail
 c - a +0 shield (worn)
 i - a +1 hat (worn)
 j - a +0 pair of boots (worn)
 t - a +0 pair of gloves (worn)
 E - the +1 scale mail of Foolhardiness (worn) {-Cast rElec rPois Dex+2}
   (You found it on level 8 of the Dungeon)

   It affects your dexterity (+2).
   It insulates you from electricity.
   It protects you from poison.
   It prevents spellcasting.
Jewellery
 p - a +4 ring of evasion (left hand)
 y - an amulet of faith (around neck)
 A - an uncursed amulet of regeneration {unknown}
 F - a +3 ring of intelligence (right hand)
Wands
 s - a wand of polymorph (14)
 D - a wand of flame (21)
Scrolls
 e - 5 scrolls of fear
 h - 4 scrolls of identify
 l - a scroll of enchant armour
 m - 8 scrolls of remove curse
 r - 6 scrolls of teleportation
 w - a scroll of amnesia
 C - a scroll of magic mapping
Potions
 d - 6 potions of might
 g - 2 potions of curing {unknown}
 k - 2 potions of invisibility
 n - 4 potions of lignification
 o - 2 potions of haste
 q - 3 potions of degeneration
 u - 3 potions of brilliance
 v - 4 potions of heal wounds
 x - a potion of berserk rage
 B - a potion of agility {unknown}
 H - a potion of experience {unknown}
Comestibles
 f - 16 rations
 z - 17 chunks of flesh


   Skills:
 * Level 5.7 Fighting
 + Level 10.1 Axes
 + Level 6.1 Armour
 + Level 3.6 Dodging
 + Level 0.3 Stealth
 + Level 7.8 Shields
 + Level 0.4 Invocations


You had 8 spell levels left.
You didn't know any spells.
Your spell library contained the following spells:

 Spells                   Type           Power        Failure   Level  Hunger
 Confuse                  Hex            #.......     99%         3    ####...
 Confusing Touch          Hex            #.....       90%         1    ##.....
 Metabolic Englaciation   Hex/Ice        #.........   100%        5    ######.
 Petrify                  Tmut/Erth      #.......     100%        4    #####..
 Gell's Gravitas          Tloc           #.........   99%         3    ####...
 Yara's Violent Unravell  Hex/Tmut       #.........   100%        5    ######.


Dungeon Overview and Level Annotations

Branches:
Dungeon (8/15)             Temple (0/1) D:7            Lair (0/6) D:8

Altars:
Cheibriados
Dithmenos
Makhleb
Ru
Sif Muna
Trog
Xom
Yredelemnul
Zin
The Shining One

Shops:
D:4 !   D:5 =   D:6 ?


Innate Abilities, Weirdness & Mutations

You are resistant to damage.
You can heal yourself by infusing magical energy.
You passively map the area around you.
You do not regenerate.


Message History

You block the orc knight's attack. The gnoll misses you.
You hit the orc knight but do no damage.
The orc knight is heavily wounded.
The orc knight hits you but does no damage.
You block the gnoll's attack. The gnoll misses you.
You block the gnoll's attack.
You closely miss the orc knight.
The orc knight is heavily wounded.
The orc knight drinks a potion.
The orc knight is healed!
The gnoll closely misses you. You block the gnoll's attack.
The gnoll misses you.
You slash the orc knight!
The orc knight is moderately wounded.
You block the orc knight's attack. The gnoll hits you but does no damage.
You block the gnoll's attack.
Your shield and scale mail of Foolhardiness prevent you from hitting the orc knight.
The orc knight is moderately wounded.
The gnoll hits you from afar with a halberd.
The orc knight hits you with a dire flail!
You die...

### ### ##### * *
#.###.###.'.## # *
##'##'##'###'##'##'#
##.....## ##@og..#
###...).### #(!...#
#.').⌠..'.# g..g..'.#
###÷÷...#####.....###
##.)...# #.....#
##'##'##'# #'##'##'#
#.###.# #.#g# .#*#.#
#'# ### *### ### *##
#.###.#*#.#)###.# #.#


You could see an orc knight and 3 gnolls.

Vanquished Creatures
  Joseph (D:8)
  2 orc warriors
  A black bear (D:7)
  A phantom (D:5)
  2 sky beasts (D:8)
  6 ogres
  2 centaurs (D:6)
  3 bullfrogs
  2 scorpions
  2 howler monkeys
  2 crimson imps
  2 hounds
  A bullfrog skeleton (D:6)
  4 orc priests
  A centaur skeleton (D:4)
  A jelly (D:6)
  7 orc wizards
  Jessica (D:3)
  An iguana (D:5)
  10 worker ants
  A killer bee zombie (D:5)
  A hound zombie (D:5)
  4 hound skeletons
  Robin (D:4)
  A worker ant zombie (D:6)
  9 adders
  18 gnolls
  A shadow imp (D:7)
  An adder zombie (D:6)
  4 worms
  9 dart slugs
  5 leopard geckos
  31 orcs
  4 giant cockroaches
  15 goblins
  20 hobgoblins
  16 jackals
  18 kobolds
  4 quokkas
  A ball python (D:3)
  4 bats
  4 frilled lizards
  A jackal zombie (D:6)
  A quokka skeleton (D:8)
  11 rats
237 creatures vanquished.

Notes
Turn   | Place    | Note
-------+----------+-------------------------------------------
     0 | D:1      | jjfam the Deep Dwarf Fighter began the quest for the Orb.
     0 | D:1      | Reached XP level 1. HP: 20/20 MP: 1/1
    40 | D:1      | Reached XP level 2. HP: 27/27 MP: 2/2
   459 | D:1      | Reached XP level 3. HP: 31/34 MP: 3/3
   713 | D:2      | Found a shadowy altar of Dithmenos.
   771 | D:2      | Reached skill level 3 in Axes
  1094 | D:2      | Reached XP level 4. HP: 35/42 MP: 4/4
  1390 | D:2      | Found a burning altar of Makhleb.
  1405 | D:2      | Became a worshipper of Makhleb the Destroyer
  1549 | D:3      | Reached skill level 1 in Dodging
  1606 | D:3      | Found a snail-covered altar of Cheibriados.
  1606 | D:3      | Found a basalt altar of Yredelemnul.
  1666 | D:3      | Reached skill level 4 in Axes
  1802 | D:3      | Reached XP level 5. HP: 25/49 MP: 5/5
  1984 | D:3      | Noticed Jessica
  1987 | D:3      | Killed Jessica
  2297 | D:4      | Noticed an ogre
  2317 | D:4      | Killed an ogre
  2317 | D:4      | Reached * piety under Makhleb
  2317 | D:4      | Reached skill level 5 in Axes
  2317 | D:4      | Reached XP level 6. HP: 17/56 MP: 6/6
  2674 | D:4      | Found Famunwit's Distillery.
  2686 | D:4      | Bought a potion of heal wounds for 55 gold pieces
  2717 | D:4      | Reached skill level 6 in Axes
  2717 | D:4      | Reached skill level 5 in Shields
  2717 | D:4      | Reached XP level 7. HP: 35/62 MP: 6/6
  3040 | D:4      | Noticed Robin
  3057 | D:4      | Killed Robin
  3467 | D:5      | Entered Level 5 of the Dungeon
  3546 | D:5      | Found a glowing golden altar of the Shining One.
  3590 | D:5      | Reached ** piety under Makhleb
  3608 | D:5      | Found Vieprox's Jewellery Shop.
  3807 | D:5      | Found a shimmering altar of Xom.
  4001 | D:5      | Reached skill level 7 in Axes
  4050 | D:5      | Reached XP level 8. HP: 45/72 MP: 6/6
  4663 | D:6      | Reached skill level 5 in Armour
  4734 | D:6      | Found Sirekh's Magic Scroll Emporium.
  4756 | D:6      | Reached skill level 8 in Axes
  4890 | D:6      | Found a glowing silver altar of Zin.
  5075 | D:6      | Found a bloodstained altar of Trog.
  5158 | D:6      | Reached *** piety under Makhleb
  5477 | D:7      | Reached skill level 9 in Axes
  5590 | D:7      | Gained mutation: You passively map the area around you. [Deep Dwarf growth]
  5590 | D:7      | Reached XP level 9. HP: 79/79 MP: 7/7
  5799 | D:7      | Found a staircase to the Ecumenical Temple.
  6060 | D:7      | Found a sacrificial altar of Ru.
  6165 | D:8      | Reached skill level 5 in Fighting
  6173 | D:8      | Found a staircase to the Lair.
  6195 | D:8      | Noticed Joseph
  6222 | D:8      | Killed Joseph
  6352 | D:8      | Reached **** piety under Makhleb
  6447 | D:8      | Found a deep blue altar of Sif Muna.
  6450 | D:8      | Got a spiked scale mail
  6507 | D:8      | Reached skill level 10 in Axes
  6553 | D:8      | Found a flagged portal.
  6574 | Bailey   | Entered a bailey
  6709 | Bailey   | Identified the +1 scale mail of Foolhardiness {-Cast rElec rPois Dex+2} (You found it on level 8 of the Dungeon)
  6820 | Bailey   | Noticed an orc knight
  6842 | Bailey   | Slain by an orc knight

Vault maps used:
D:1:      lemuel_arrival_rhombus, roderic_serpentine_path
D:2:      grunt_dithmenos_smoke_and_mirrors, makhleb_blood_cavern_becter
D:3:      grunt_temple_overflow_open, uniq_jessica
D:4:      serial_shops, nicolae_shop_stone, minmay_bisected, uniq_robin
D:5:      nicolae_overflow_crystal_walls, serial_shops, shop, first_ration,
          nicolae_tso_carved_into_rock
D:6:      zin_treasury, old_standard_altar, serial_shops, shop,
          hangedman_minor_gate_pass
D:7:      nicolae_overflow_hidden_temple, minmay_temple_entry_overgrown
D:8:      okawaru_metal_pillars_3, overflow_temple_1_default,
          old_standard_altar, lair_entry_dummy, lightli_bailey_entry_fortress,
          hangedman_pestilent_swarm, st_stairs_3, minmay_misc_feat_nine_boxes,
          uniq_joseph, uniq_erica, uniq_gastronok
Bailey:   bailey_axe_2, bailey

Skill      XL: |  1  2  3  4  5  6  7  8  9 |
---------------+----------------------------+-----
Fighting       | 3 4 5 |  5.7
Axes           | 3 4 5 6 7 9 10 | 10.1
Shields        | 4 5 7 |  7.8
Dodging        | 1 2 3 |  3.6
Armour         | 4 5 6 |  6.1
Stealth        | |  0.3
Invocations    | |  0.4

Action                   |  1- 3 |  4- 6 |  7- 9 || total
-------------------------+-------+-------+-------++-------
Melee: War axe           |   101 |   134 |   601 ||   836
Invok: Minor Destruction |       |       |     1 ||     1
 Abil: Heal Wounds       |       |     3 |     5 ||     8
  Use: Scroll            |       |       |    14 ||    14
  Eat: Chunk             |     1 |     5 |    15 ||    21
Armor: Scale mail        |    49 |    37 |   154 ||   240
Dodge: Dodged            |    38 |    72 |   295 ||   405
Block: Shield            |    54 |    73 |   382 ||   509

Table legend:
 A = Spawn XP
 B = Non-spawn XP
 C = Spawn XP percentage of total XP
 D = Spawn monster count
 E = Non-spawn monster count
 F = Spawn count percentage of total count
 G = Total turns spent on level
                    A         B        C        D         E        F      G
               +---------+---------+-------+---------+---------+-------+---------
         Total |       0 |    4753 |   0.0 |       0 |     237 |   0.0 |  6842
               +---------+---------+-------+---------+---------+-------+---------
           D:1 |       0 |      54 |   0.0 |       0 |      23 |   0.0 |   684
           D:2 |       0 |     112 |   0.0 |       0 |      19 |   0.0 |   798
           D:3 |       0 |      91 |   0.0 |       0 |      23 |   0.0 |   851
           D:4 |       0 |     831 |   0.0 |       0 |      41 |   0.0 |  1134
           D:5 |       0 |     464 |   0.0 |       0 |      20 |   0.0 |  1117
           D:6 |       0 |    1144 |   0.0 |       0 |      33 |   0.0 |   876
           D:7 |       0 |     777 |   0.0 |       0 |      22 |   0.0 |   652
           D:8 |       0 |    1108 |   0.0 |       0 |      26 |   0.0 |   462
        Bailey |       0 |     172 |   0.0 |       0 |      30 |   0.0 |   268
               +---------+---------+-------+---------+---------+-------+---------
